 Dungeon Crawl Stone Soup version 0.28-a0-461-g2dc4ca5097 (webtiles) character file.

Game seed: 15134566141057636964

10437 Gwenloh the Destroyer (level 11, -7/73 HPs)
             Began as a Demonspawn Fire Elementalist on Sept 13, 2021.
             Was a Priest of Vehumet.
             Killed from afar by a raiju (15 damage)
             ... with a living lightning
             ... on level 1 of the Abyss.
             The game lasted 01:18:35 (15612 turns).

Gwenloh the Destroyer (DsFE)                       Turns: 15612, Time: 01:18:36

Health: -7/73      AC: 12    Str: 15 (17) XL:     11   Next: 36%
Magic:  33/33      EV: 14    Int: 21 (22) God:    Vehumet [***...]
Gold:   503        SH: 11    Dex: 10 (11) Spells: 14/28 levels left

rFire   . . .      SeeInvis +   Q - +8 falchion "Demonbane" {venom, rC+++ rN+ Str+4}
rCold   + + +      Faith    .   k - +2 buckler
rNeg    + + +      Spirit   .   B - +1 swamp dragon scales
rPois   +          Reflect  +   (no helmet)
rElec   .          Harm     .   x - +1 cloak
rCorr   +          Rampage  .   (no gloves)
Will    .....                   (boots unavailable)
Stlth   ..........              w - amulet of the Ego {Reflect rCorr Str+5 Dex-3 SH+5}
HPRegen 0.22/turn               D - ring of Salvation {rN++ MP+9 Int+2 SInv Stlth-}
MPRegen 0.46/turn               f - +4 ring of evasion

@: brilliant, about to teleport, attractive, flying
A: hooves 3, slimy green scales 1, ignite blood 1, magic regeneration
a: Renounce Religion


You were on level 1 of the Abyss.
You worshipped Vehumet.
Vehumet was most pleased with you.
You visited 2 branches of the dungeon, and saw 12 of its levels.
You visited the Abyss 1 time.
You also visited: Sewer.

You collected 596 gold pieces.
You spent 93 gold pieces at shops.

Inventory:

Hand Weapons
 g - a +0 dagger
 q - a +1 whip of venom
 A - a +1 broad axe of flaming
 M - a +2 scimitar of flaming
 Q - the +8 falchion "Demonbane" (weapon) {venom, rC+++ rN+ Str+4}
   (You found it on level 10 of the Dungeon)

   It poisons the flesh of those it strikes.
   Str:       It affects your strength (+4).
   rC:        It renders you almost immune to cold.
   rN:        It protects you from negative energy.
 S - a +2 whip of venom
Missiles
 P - a throwing net
Armour
 a - a +0 robe
 k - a +2 buckler (worn)
 x - a +1 cloak (worn)
 B - +1 swamp dragon scales (worn)
Jewellery
 d - a ring of willpower
 f - a +4 ring of evasion (right hand)
 w - the amulet of the Ego (around neck) {Reflect rCorr Str+5 Dex-3 SH+5}
   (You bought it in a shop on level 4 of the Dungeon)

   [amulet of reflection]

   It reflects blocked missile attacks.
   Str:       It affects your strength (+5).
   Dex:       It affects your dexterity (-3).
   rCorr:     It protects you from acid and corrosion.
   SH:        It affects your SH (+5).
 y - a +6 ring of strength
 D - the ring of Salvation (left hand) {rN++ MP+9 Int+2 SInv Stlth-}
   (You acquired it on level 10 of the Dungeon)

   [ring of magical power]

   Int:       It affects your intelligence (+2).
   rN:        It greatly protects you from negative energy.
   MP:        It affects your magic capacity (+9).
   SInv:      It lets you see invisible.
   Stlth:     It makes you less stealthy.
 N - an amulet of faith
 O - a ring of poison resistance
Wands
 z - a wand of flame (12)
 F - a wand of paralysis (9)
 I - a wand of polymorph (13)
 L - a wand of charming (9)
Scrolls
 b - 2 scrolls of fear
 c - a scroll of summoning
 i - 2 scrolls of teleportation
 m - a scroll of torment
 n - 3 scrolls of amnesia
 o - 2 scrolls of enchant armour
 u - 2 scrolls of fog
 H - 2 scrolls of magic mapping
 J - a scroll of blinking
Potions
 e - 3 potions of might
 h - 2 potions of brilliance
 j - a potion of invisibility {unknown}
 l - 3 potions of attraction
 p - 4 potions of mutation
 r - 2 potions of haste
 s - a potion of heal wounds {unknown}
 t - 5 potions of curing
 v - 3 potions of flight
 C - a potion of lignification {unknown}
 E - a potion of degeneration
 G - a potion of resistance {unknown}
 K - a potion of magic {unknown}


   Skills:
 + Level 2.4 Fighting
 + Level 2.2 Armour
 - Level 1.7 Dodging
 - Level 1.7 Stealth
 - Level 4.0 Shields
 + Level 9.0 Spellcasting
 + Level 10.1 Conjurations
 + Level 9.6 Fire Magic


You had 14 spell levels left.
You knew the following spells:

 Your Spells              Type           Power      Damage    Failure   Level
a - Foxfire               Conj/Fire      100%       2x1d9     1%          1
b - Scorch                Fire           100%       2d10      1%          2
c - Sticky Flame          Conj/Fire      66%        2d8       1%          4
d - Flame Wave            Conj/Fire      66%        3d12      1%          4
e - Conjure Flame         Conj/Fire      66%        6-21      1%          3

Your spell library contained the following spells:

 Spells                   Type           Power      Damage    Failure   Level
 Mephitic Cloud           Conj/Pois/Air  35%        N/A       3%          3
 Inner Flame              Hex/Fire       44%        N/A       1%          3
 Ignite Poison            Fire/Tmut/Pois 34%        N/A       3%          3
 Poisonous Vapours        Pois/Air       28%        N/A       5%          2
 Sting                    Tmut/Pois      56%        1d5       14%         1
 Blink                    Tloc           N/A        N/A       21%         2
 Freezing Cloud           Conj/Ice/Air   17%        6-21      24%         5
 Olgreb's Toxic Radiance  Pois           14%        N/A       32%         4
 Portal Projectile        Hex/Tloc       28%        N/A       38%         3
 Ice Form                 Ice/Tmut       14%        N/A       80%         4
 Blade Hands              Tmut           7%         N/A       98%         5
 Excruciating Wounds      Necr           7%         N/A       98%         5
 Manifold Assault         Tloc           14%        N/A       98%         5
 Summon Forest            Summ/Tloc      7%         N/A       98%         5
 Dispersal                Tloc           7%         N/A       100%        6
 Storm Form               Tmut/Air       7%         N/A       100%        7
 Disjunction              Tloc           7%         N/A       100%        8


Dungeon Overview and Level Annotations

Branches:
Dungeon (11/15)            Temple (1/1) D:6           Sewer (visited)
   Lair: D:8-11         Orc: D:9-12

Altars:
Ashenzari
Cheibriados
Dithmenos
Elyvilon
Fedhas
Gozag
Hepliaklqana
Kikubaaqudgha
Makhleb
Nemelex Xobeh
Okawaru
Qazlal
Ru
Sif Muna
Trog
Uskayaw
Vehumet
Wu Jian
Xom
Yredelemnul
Zin
The Shining One

Shops:
D:4 *   D:8 [   D:10 :=*=

Annotations:
D:4 1 runed translucent door, Soel's ghost, amateur GrEE
D:11 Erolcha


Innate Abilities, Weirdness & Mutations

You have hooves in place of feet.
You are partially covered in slimy green scales. (AC +2)
Your demonic aura sometimes causes spilled blood to erupt in flames.
You regenerate magic rapidly.


Message History

The raiju blinks! x2
The raiju bites you.
* * * LOW HITPOINT WARNING * * *
The raiju shocks you!
* * * LOW HITPOINT WARNING * * *
The raiju bursts into living lightning!
The living lightning misses the raiju.
The living lightning misses you.
The raiju blinks!
A large abomination comes into view.
Okay, then.
Blink to where?
Press: ? - help, Dir - move target
As you read the scroll of blinking, it crumbles to dust.
As you read the scroll of teleportation, it crumbles to dust.
You feel strangely unstable.
You feel the power of the Abyss delaying your translocation!
The raiju is engulfed in blazing flames.
The ynoxinul gestures.
It was a potion of attraction.
You feel attractive to monsters. You block the raiju's attack.
The ynoxinul is attracted toward you.
It was a potion of flight.
You feel very buoyant.
You fly up into the air.
The raiju closely misses you.
The large abomination is attracted toward you.
It was a potion of degeneration.
There was something very wrong with that liquid.
You feel weakened.
You feel dopey.
You feel clumsy. The raiju closely misses you.
The raiju bursts into living lightning!
The living lightning hits the raiju.
The raiju completely resists.
The living lightning misses you.
The raiju blinks! x3
It was a potion of brilliance.
You feel clever all of a sudden.
The ynoxinul gestures.
The raiju bursts into living lightning!
The living lightning misses you.
The raiju blinks!
The raiju bursts into living lightning!
The living lightning hits the raiju.
The raiju completely resists.
The living lightning hits you!
You die...

# . .# ... ##
.#..##.# .. #
##. ....#
.##.....#.#
##
...#..#...#.#
# . # #.#. .
# #..
.#.##### #
######.### .#
#@#..#.# ###
##h3#.#.## #
#5h555...# #
##h55X....##
##.#.....#
####
..#.#....
.... .
#........####
##
..#......ยง.#
#.#..#. ..##


You could see a large abomination, 3 raiju, a ynoxinul and 5 ufetubi.

Vanquished Creatures
  Erica (D:8)
  A manticore (D:11)
  Maurice (D:8)
  Maggie (D:6)
  An unseen horror (D:11)
  A catoblepas skeleton (Abyss:1)
  A hornet (D:8)
  A large abomination (Abyss:1)
  A wraith (D:11)
  8 spriggans (D:8)
  3 wyverns (D:11)
  10 yaks
  2 steam dragons
  3 water moccasins (D:11)
  2 black bears
  An ice beast (D:8)
  3 orc warriors
  A necrophage (D:6)
  2 sky beasts
  10 centaurs
  An ogre (D:6)
  A phantom (D:4)
  4 kobold brigands
  A gnoll sergeant (D:6)
  2 scorpions (D:5)
  A water moccasin skeleton (D:5)
  Dowan (D:6)
  9 killer bees
  2 wights (D:8)
  4 electric eels (D:9)
  A bullfrog zombie (D:5)
  3 centaur zombies
  3 gnoll shamans
  4 hounds
  A jelly (D:7)
  Crazy Yiuf (D:7)
  6 iguanas
  6 orc wizards
  A killer bee zombie (D:8)
  A hound zombie (D:5)
  A howler monkey zombie (D:8)
  18 gnolls
  A howler monkey skeleton (D:6)
  13 adders
  An adder skeleton (D:4)
  2 worms
  2 dart slugs (D:1)
  30 orcs
  14 ball pythons
  4 bats
  5 endoplasms
  2 giant cockroaches (D:1)
  7 goblins
  4 hobgoblins
  9 jackals
  5 quokkas
  8 frilled lizards
  32 kobolds
  8 rats
273 creatures vanquished.

Vanquished Creatures (others)
  Duvessa (D:6)
  A kobold (D:9)
  2 bushes (D:11)
  536 foxfires
  8 fungi (D:11)
  48 plants
596 creatures vanquished.

Grand Total: 869 creatures vanquished

Notes
Turn   | Place    | Note
-------+----------+-------------------------------------------
     0 | D:1      | Gwenloh the Demonspawn Fire Elementalist began the quest
                  | for the Orb.
     0 | D:1      | Reached XP level 1. HP: 13/13 MP: 3/3
   432 | D:1      | Gained mutation: You have large cloven feet. [demonic
                  | ancestry]
   432 | D:1      | Reached XP level 2. HP: 19/19 MP: 0/5
   580 | D:1      | Learned a level 2 spell: Scorch
   892 | D:1      | Reached skill level 2 in Conjurations
  1090 | D:1      | Gained mutation: Your demonic aura sometimes causes spilled
                  | blood to erupt in flames. [demonic ancestry]
  1090 | D:1      | Reached XP level 3. HP: 24/24 MP: 1/6
  1240 | D:1      | Learned a level 3 spell: Conjure Flame
  1670 | D:2      | Found a faded altar of an unknown god.
  2128 | D:3      | Gained mutation: You have hoof-like feet. [demonic
                  | ancestry]
  2128 | D:3      | Reached XP level 4. HP: 30/30 MP: 4/7
  2870 | D:2      | Reached skill level 3 in Conjurations
  3459 | D:3      | Reached skill level 1 in Shields
  3605 | D:3      | Gained mutation: You are partially covered in slimy green
                  | scales. (AC +2) [demonic ancestry]
  3605 | D:3      | Reached XP level 5. HP: 35/35 MP: 3/8
  3815 | D:4      | Found a glowing drain.
  3828 | Sewer    | Entered a sewer
  4951 | D:4      | Found a runed translucent door.
  4956 | D:4      | Noticed Soel's ghost (amateur GrEE)
  5178 | D:4      | Noticed a black bear
  5225 | D:4      | Found Kuofivaf's CLEARANCE SALE!.
  5425 | D:4      | Reached XP level 6. HP: 41/41 MP: 2/9
  5586 | D:3      | Learned a level 4 spell: Flame Wave
  5590 | D:4      | Reached skill level 4 in Conjurations
  5889 | D:4      | Found an ornate altar of the Wu Jian Council.
  5889 | D:4      | Found a basalt altar of Yredelemnul.
  6017 | D:4      | Reached XP level 7. HP: 46/46 MP: 1/12
  6119 | D:4      | Bought the amulet of the Ego {Reflect rCorr Str+5 Dex-3
                  | SH+5} for 93 gold pieces
  6191 | D:4      | Found a hide-covered altar of Uskayaw.
  6248 | D:5      | Entered Level 5 of the Dungeon
  6387 | D:5      | Reached skill level 5 in Fire Magic
  6500 | D:5      | Reached skill level 5 in Conjurations
  6852 | D:5      | Reached XP level 8. HP: 49/52 MP: 4/14
  7280 | D:5      | You fall into a shaft and drop 2 floors!
  7297 | D:7      | Found an opulent altar of Gozag.
  7559 | D:6      | Noticed Maggie
  7574 | D:6      | Killed Maggie
  7575 | D:6      | Reached skill level 5 in Spellcasting
  7575 | D:6      | Reached skill level 6 in Conjurations
  7894 | D:6      | Noticed Duvessa
  7894 | D:6      | Noticed Dowan
  7938 | D:6      | Killed Dowan
  8143 | D:6      | Reached XP level 9. HP: 57/57 MP: 8/17
  8395 | D:6      | Found a staircase to the Ecumenical Temple.
  8404 | Temple   | Entered the Ecumenical Temple
  8553 | Temple   | Became a worshipper of Vehumet
  9045 | D:5      | Found a shimmering blue altar of Sif Muna.
  9297 | D:6      | Killed Duvessa
  9298 | D:6      | Reached skill level 7 in Conjurations
  9605 | D:7      | Got the Collected Works on Creative Ice
  9837 | D:7      | Found a runed translucent door.
  9838 | D:7      | Noticed Crazy Yiuf
  9951 | D:7      | Found a broken altar of Ashenzari.
 10009 | D:7      | Reached * piety under Vehumet
 10009 | D:7      | Offered knowledge of Magic Dart by Vehumet.
 10273 | D:7      | Killed Crazy Yiuf
 10338 | D:8      | Noticed Maurice
 10343 | D:8      | Killed Maurice
 10795 | D:8      | Reached skill level 8 in Conjurations
 10800 | D:8      | Gained mutation: You have hooves in place of feet. [demonic
                  | ancestry]
 10800 | D:8      | Reached XP level 10. HP: 38/63 MP: 4/20
 11441 | D:8      | Noticed Erica
 11449 | D:8      | Killed Erica
 11754 | D:8      | Learned a level 4 spell: Sticky Flame
 11880 | D:8      | Found Heubeiji's Antique Armour Shop.
 12321 | D:8      | Reached skill level 9 in Conjurations
 12929 | D:9      | Offered knowledge of Sandblast by Vehumet.
 12930 | D:9      | Reached ** piety under Vehumet
 14173 | D:10     | Entered Level 10 of the Dungeon
 14386 | D:10     | Found Piot's Assorted Antiques.
 14388 | D:10     | Found Vaqoxzag's Jewellery Shoppe.
 14431 | D:10     | Found Lollom's Jewellery Shoppe.
 14458 | D:10     | Offered knowledge of Mephitic Cloud by Vehumet.
 14598 | D:10     | Identified the +8 falchion "Demonbane" {venom, rC+++ rN+
                  | Str+4}
 14756 | D:10     | Found Nonehaott's Book Boutique.
 15139 | D:10     | Identified a scroll of acquirement
 15141 | D:10     | Acquired the ring of Salvation {rN++ MP+9 Int+2 SInv
                  | Stlth-}
 15220 | D:11     | Gained mutation: You regenerate magic rapidly. [demonic
                  | ancestry]
 15220 | D:11     | Reached XP level 11. HP: 68/68 MP: 23/23
 15374 | D:11     | Reached *** piety under Vehumet
 15375 | D:11     | Reached skill level 1 in Fighting
 15390 | D:11     | Reached skill level 1 in Armour
 15420 | D:11     | Noticed Erolcha
 15425 | D:11     | Reached skill level 10 in Conjurations
 15447 | D:11     | Cast into level 1 of the Abyss (Erolcha)
 15597 | Abyss:1  | Noticed a jiangshi
 15612 | Abyss:1  | Killed from afar by a raiju

Illustrated notes

Levels and vault maps discovered:
D:1:      nzn_arrival_settlement, layout_basic
D:2:      layout_rooms, hellmonk_ecumenical_altar_blasted
D:3:      layout_loops_cross
D:4:      layout_gridville, lemuel_coloured_pillars_altar,
          gammafunk_temple_overflow_wave, ebering_ghost_sewer_d,
          portal_sewer_entry_b, hangedman_abyss_or_decor_slice,
          nicolae_shop_clearance
D:5:      layout_gridville, kennysheep_orc_sif_temple, minmay_misc_feat_roman
D:6:      layout_basic, minmay_temple_entry_large_hall, uniq_maggie,
          uniq_duvessa
D:7:      layout_basic, nicolae_ashenzari_skybound,
          mainiacjoe_overflow_chevrons, uniq_crazy_yiuf_cottage
D:8:      kb_forest_paths, layout_basic, serial_shops, nicolae_square_shop,
          uniq_erica, uniq_maurice
D:9:      layout_basic
D:10:     layout_small_grid, serial_shops, kennysheep_mini, nicolae_shop_trees,
          nicolae_take_the_stairs, nicolae_shop_competitors_out_of_business
D:11:     layout_roguey, minmay_lair_entry_grove, lightli_minifort, uniq_harold,
          uniq_erolcha
Temple:   nicolae_temple_elliptical
Abyss:1:  base:
D:6

Skill      XL: |  1  2  3  4  5  6  7  8  9 10 11 |
---------------+----------------------------------+-----
Fire Magic     | 3 4 5 6 7 9 |  9.6
Conjurations   | 2 3 4 5 6 8 9 10 | 10.1
Shields        | 1 2 3 4 |  4.0
Spellcasting   | 3 4 5 7 8 9 |  9.0
Fighting       | 2 |  2.4
Armour         | 2 |  2.2
Dodging        | |  1.7
Stealth        | |  1.7

Action                   |  1- 3 |  4- 6 |  7- 9 | 10-12 || total
-------------------------+-------+-------+-------+-------++-------
Melee: Unarmed           |    21 |       |       |       ||    21
       Dagger            |     3 |    21 |    12 |     3 ||    39
       Kick              |     1 |    18 |     8 |    14 ||    41
       Whip              |       |    25 |    19 |    25 ||    69
       Falchion          |       |       |       |    38 ||    38
 Cast: Foxfire           |    61 |    92 |    81 |    92 ||   326
       Scorch            |     6 |    32 |    87 |    46 ||   171
       Conjure Flame     |       |     4 |     5 |     1 ||    10
       Flame Wave        |       |     1 |     2 |     3 ||     6
       Sticky Flame      |       |       |       |    21 ||    21
Evoke: Wand              |       |       |     3 |       ||     3
  Use: Scroll            |       |     5 |     5 |     9 ||    19
       Potion            |       |       |     1 |     4 ||     5
 Stab: Sleeping          |       |     2 |       |       ||     2
       Paralysed         |       |       |     7 |       ||     7
Armor: Robe              |     4 |     3 |     6 |       ||    13
       Swamp dragon scal |       |       |    10 |    27 ||    37
Dodge: Dodged            |    33 |    52 |    35 |    68 ||   188
Block: Buckler           |       |       |    46 |    74 ||   120
       Reflection        |       |       |     8 |    16 ||    24

Table legend: (Time is in decaauts)
 A = Elapsed time spent in this place.
 B = Non-inter-level travel time spent in this place.
 C = Inter-level travel time spent in this place.
 D = Time resting spent in this place.
 E = Time spent auto-exploring this place.
 F = Levels seen in this place.
 G = Mean time per level.
                   A        B        C        D        E       F      G
               +--------+--------+--------+--------+--------+-----+--------+
         Total |  15845 |  15140 |    705 |   3015 |   8588 |  14 | 1131.8 |
       Dungeon |  14252 |  13574 |    678 |   2517 |   8204 |  11 | 1295.6 |
        Temple |    160 |    133 |     27 |      0 |    118 |   1 |  160.0 |
         Abyss |    167 |    167 |      0 |    110 |      0 |   1 |  167.0 |
         Sewer |   1264 |   1264 |      0 |    388 |    266 |   1 | 1264.0 |
               +--------+--------+--------+--------+--------+-----+--------+

Top non-repeatable levels by time:
     D:8: 2277 daAuts
     D:9: 1795 daAuts
     D:6: 1592 daAuts
     D:4: 1556 daAuts
     D:5: 1346 daAuts
     D:2: 1296 daAuts
   Sewer: 1264 daAuts
     D:1: 1239 daAuts
     D:3: 1238 daAuts
    D:10: 825 daAuts
     D:7: 814 daAuts
    D:11: 269 daAuts
 Abyss:1: 167 daAuts
  Temple: 160 daAuts
